 Dungeon Crawl Stone Soup version 0.21.1-1-g345015fe64 (webtiles) character file.

3378 Lennu the Basher (level 9, -12/69 HPs)
             Began as a Demonspawn Fighter on May 30, 2018.
             Was a Believer of Yredelemnul.
             Mangled by a komodo dragon (20 damage)
             ... on level 8 of the Dungeon.
             The game lasted 00:20:45 (7937 turns).

Lennu the Basher (Demonspawn Fighter)               Turns: 7937, Time: 00:20:46

Health: -12/69     AC: 13    Str: 16      XL:     9   Next: 74%
Magic:  12/12      EV: 11    Int:  9 (10) God:    Yredelemnul [**....]
Gold:   123        SH:  0    Dex: 16      Spells: 8/8 levels left

rFire    . . .     SeeInvis +   y - +3 battleaxe
rCold    + . .     Gourm    .   (shield currently unavailable)
rNeg     . . .     Faith    .   e - +3 scale mail {rC+}
rPois    .         Spirit   .   (no helmet)
rElec    .         Reflect  +   (no cloak)
rCorr    .         Harm     .   v - +0 pair of gloves
MR       .....                  m - +0 pair of boots
Stlth    ++........             q - +5 amulet of reflection
HPRegen  0.21/turn              k - ring of see invisible
MPRegen  0.13/turn              (no ring)

@: confused
A: claws 1, large bone plates 2, demonic guardian 1, nightstalker 2
a: Animate Remains, Recall Undead Slaves, Injury Mirror, Renounce Religion


You were on level 8 of the Dungeon.
You worshipped Yredelemnul.
Yredelemnul was pleased with you.
You were not hungry.

You visited 2 branches of the dungeon, and saw 9 of its levels.

You collected 417 gold pieces.
You spent 294 gold pieces at shops.

Inventory:

Hand Weapons
 y - a +3 battleaxe (weapon)
Armour
 c - a +0 shield
 e - a +3 scale mail of cold resistance (worn)
 m - a +0 pair of boots (worn)
 v - a +0 pair of gloves (worn)
Jewellery
 k - a ring of see invisible (left hand)
 q - a +5 amulet of reflection (around neck)
Wands
 u - a wand of acid (8)
 x - a wand of flame (18)
Scrolls
 d - a scroll of enchant weapon
 h - 4 scrolls of remove curse
 l - 2 scrolls of enchant armour
 s - a scroll of fear
 w - 3 scrolls of teleportation
Potions
 a - a potion of heal wounds {unknown}
 b - a potion of lignification {unknown}
 g - a potion of cancellation
 i - a potion of invisibility
 n - 3 potions of flight
 o - 3 potions of curing
Comestibles
 f - 21 rations
 j - 13 chunks of flesh


   Skills:
 * Level 6.1 Fighting
 * Level 2.9(5.9) Axes
   Level 8.1(8.4) Maces & Flails
 * Level 5.7 Armour
 * Level 3.8 Dodging
 * Level 2.6 Stealth
 - Level 3.0 Shields
 * Level 4.7 Invocations


You had 8 spell levels left.
You didn't know any spells.

Dungeon Overview and Level Annotations

Branches:
Dungeon (8/15)             Temple (1/1) D:4            Lair (0/6) D:8

Altars:
Ashenzari
Dithmenos
Kikubaaqudgha
Nemelex Xobeh
Qazlal
Trog
Wu Jian
Yredelemnul
Zin
The Shining One

Shops:
D:7 [


Innate Abilities, Weirdness & Mutations

You have sharp fingernails.
You are mostly covered in large bone plates. (SH +6)
A weak demonic guardian rushes to your aid.
You are significantly more attuned to the shadows.


Message History

You hit the komodo dragon but do no damage.
The komodo dragon is heavily wounded.
Your shadow imp gestures at the komodo dragon.
The komodo dragon resists with significant effort.
The komodo dragon barely misses your shadow imp.
You hit the komodo dragon.
The komodo dragon is severely wounded.
Your shadow imp hits the komodo dragon but does no damage.
The komodo dragon bites your shadow imp!!
Your shadow imp dies!
You block the komodo dragon's attack.
You hit the komodo dragon but do no damage.
The komodo dragon is severely wounded.
The komodo dragon bites you!!
* * * LOW HITPOINT WARNING * * *
It was a potion of ambrosia.
You are confused.
You feel invigorated. The komodo dragon bites you!!
You die...
Your body rises from the dead as a mindless zombie.

#............######.# ##.
#.########.#.# #.# # #.#
#.#.# #.# #.##### #[#..
..# #.....# #.####
#.###.####. #### ##
###....5### #......
#.....P...## #.##.##
P.PPP..l@..## # #.#.#.#
PPPP.P......# #.##..###.
PPP..PPP.....# #...<.....
PP.>.PPPP.P..........#.#.
PP..PPPPPPP########|#...#


#PPPPPPPPP## #.(..## ####### #.#### #.. ## You could see a komodo dragon and a
friendly shadow imp.

Vanquished Creatures
  A two-headed ogre (D:7)
  A wyvern (D:5)
  An orc warrior (D:6)
  A phantom (D:5)
  A necrophage (D:6)
  2 ogres
  A centaur (D:6)
  2 scorpions (D:4)
  3 wights (D:6)
  2 howler monkeys
  A crimson imp (D:6)
  A centaur zombie (D:7)
  2 hounds
  2 orc priests
  2 bullfrog skeletons
  2 centaur skeletons
  Jessica (D:3)
  3 iguanas
  7 orc wizards
  6 worker ants
  A killer bee zombie (D:6)
  A hound skeleton (D:8)
  A howler monkey zombie (D:5)
  3 adders
  8 gnolls
  3 shadow imps
  An ooze (D:1)
  An adder zombie (D:6)
  2 worms
  A dart slug (D:1)
  6 leopard geckos
  15 orcs
  4 giant cockroaches
  9 goblins
  6 hobgoblins
  11 jackals
  4 quokkas
  4 ball pythons
  A ball python skeleton (D:4)
  4 bats
  2 frilled lizards
  10 kobolds
  A leopard gecko skeleton (D:4)
  7 rats
148 creatures vanquished.

Vanquished Creatures (collateral kills)
  The ghost of P0WERM0DE the Chopper, a novice DDFi of Makhleb (D:6)
  The ghost of ady5 the Digger, a novice GrEE (D:3)
  The ghost of DildoBatman the Magician, an amateur FoWz (D:4)
  Duvessa (D:6)
  2 water moccasins
  An orc warrior (D:8)
  An ogre (D:7)
  An ice beast (D:6)
  Dowan (D:6)
  An orc priest (D:8)
  An orc wizard (D:3)
  A worker ant (D:5)
  A hound skeleton (D:6)
  A shadow imp (D:5)
  An orc (D:8)
  A goblin (D:3)
  A frilled lizard (D:3)
18 creatures vanquished.

Vanquished Creatures (others)
  A plant (D:8)
1 creature vanquished.

Grand Total: 167 creatures vanquished

Notes
Turn   | Place    | Note
-------+----------+-------------------------------------------
     0 | D:1      | Lennu the Demonspawn Fighter began the quest for the Orb.
     0 | D:1      | Reached XP level 1. HP: 18/18 MP: 1/1
    38 | D:1      | Gained mutation: You have sharp fingernails. [demonic ancestry]
    38 | D:1      | Reached XP level 2. HP: 17/24 MP: 2/2
   358 | D:1      | Reached skill level 2 in Maces & Flails
   729 | D:1      | Gained mutation: You are partially covered in large bone plates. (SH +4) [demonic ancestry]
   729 | D:1      | Reached XP level 3. HP: 27/29 MP: 3/3
  1456 | D:2      | Found a stormy altar of Qazlal.
  2259 | D:3      | Gained mutation: A weak demonic guardian rushes to your aid. [demonic ancestry]
  2259 | D:3      | Reached XP level 4. HP: 36/36 MP: 4/4
  2440 | D:3      | Noticed Jessica
  2446 | D:3      | Killed Jessica
  2446 | D:3      | Reached skill level 3 in Maces & Flails
  2741 | D:3      | Reached skill level 1 in Dodging
  2761 | D:3      | Noticed ady5's ghost (novice GrEE)
  2774 | D:3      | Killed ady5's ghost
  2774 | D:3      | Reached skill level 4 in Maces & Flails
  2774 | D:3      | Gained mutation: You are mostly covered in large bone plates. (SH +6) [demonic ancestry]
  2774 | D:3      | Reached XP level 5. HP: 38/42 MP: 5/5
  2899 | D:3      | Gained mutation: You are slightly more attuned to the shadows. [demonic ancestry]
  2899 | D:3      | Reached XP level 6. HP: 37/48 MP: 6/6
  3352 | D:4      | Noticed DildoBatman's ghost (amateur FoWz)
  3378 | D:4      | Killed DildoBatman's ghost
  3736 | D:4      | Found a staircase to the Ecumenical Temple.
  3743 | Temple   | Entered the Ecumenical Temple
  3774 | Temple   | Became a worshipper of Yredelemnul the Dark
  3821 | D:4      | Found a stormy altar of Qazlal.
  3968 | D:4      | Reached skill level 5 in Maces & Flails
  3968 | D:4      | Reached XP level 7. HP: 54/55 MP: 7/7
  4201 | D:4      | Found a sparkling altar of Nemelex Xobeh.
  4381 | D:5      | Entered Level 5 of the Dungeon
  4445 | D:5      | Reached skill level 1 in Invocations
  4529 | D:5      | Reached skill level 1 in Stealth
  5283 | D:5      | Noticed an angel
  5284 | D:5      | Found a glowing silver altar of Zin.
  5393 | D:5      | Noticed a wyvern
  5411 | D:5      | Killed a wyvern
  5411 | D:5      | Reached skill level 6 in Maces & Flails
  5411 | D:5      | Reached XP level 8. HP: 42/61 MP: 9/9
  5843 | D:6      | Reached skill level 5 in Fighting
  5861 | D:6      | Noticed Duvessa
  5868 | D:6      | Noticed Dowan
  5874 | D:6      | Killed Duvessa
  5875 | D:6      | Killed Dowan
  6048 | D:6      | Noticed P0WERM0DE's ghost (novice DDFi)
  6059 | D:6      | Killed P0WERM0DE's ghost
  6059 | D:6      | Reached skill level 7 in Maces & Flails
  6153 | D:6      | Reached skill level 5 in Armour
  6269 | D:6      | Reached * piety under Yredelemnul
  6313 | D:6      | Gained mutation: You are significantly more attuned to the shadows. [demonic ancestry]
  6313 | D:6      | Reached XP level 9. HP: 59/68 MP: 11/11
  6446 | D:6      | Found an ancient bone altar of Kikubaaqudgha.
  6457 | D:6      | Found a shadowy altar of Dithmenos.
  6607 | D:6      | Found a glowing golden altar of the Shining One.
  7060 | D:7      | Found Fetuo's Armour Boutique.
  7065 | D:7      | Bought a +2 scale mail of cold resistance for 294 gold pieces
  7183 | D:7      | Noticed a two-headed ogre
  7191 | D:7      | Killed a two-headed ogre
  7191 | D:7      | Reached skill level 1 in Axes
  7191 | D:7      | Reached skill level 8 in Maces & Flails
  7527 | D:7      | Got a pitted leather armour
  7540 | D:7      | Identified the cursed +0 leather armour "Uxichuh" {Int+4 Stlth+} (You found it on level 7 of the Dungeon)
  7562 | D:8      | Found a bloodstained altar of Trog.
  7800 | D:8      | Reached ** piety under Yredelemnul
  7850 | D:8      | Found an ornate altar of the Wu Jian Council.
  7915 | D:8      | Found a staircase to the Lair.
  7916 | D:8      | Noticed a komodo dragon
  7936 | D:8      | HP: 3/69 [komodo dragon (27)]
  7937 | D:8      | Mangled by a komodo dragon

Skill      XL: |  1  2  3  4  5  6  7  8  9 |
---------------+----------------------------+-----
Shields        | 3 |  3.0
Maces & Flails | 2 4 5 6 7 8 |  8.1
Armour         | 3 4 5 |  5.7
Dodging        | 1 2 3 |  3.8
Fighting       | 4 5 6 |  6.1
Invocations    | 1 3 4 |  4.7
Stealth        | 1 2 |  2.6
Axes           | 2 |  2.9

Action                   |  1- 3 |  4- 6 |  7- 9 || total
-------------------------+-------+-------+-------++-------
Melee: Flail             |   147 |   152 |   267 ||   566
       Battleaxe         |       |       |    80 ||    80
  Use: Potion            |       |       |     4 ||     4
       Scroll            |       |       |    15 ||    15
 Stab: Distracted        |       |     1 |     4 ||     5
       Sleeping          |       |     1 |     7 ||     8
  Eat: Chunk             |     4 |     5 |    14 ||    23
Armor: Scale mail        |    77 |    37 |    61 ||   175
Dodge: Dodged            |    48 |    26 |    49 ||   123
Block: Shield            |   121 |   152 |   255 ||   528
       Reflection        |     1 |     1 |     2 ||     4
       Other             |       |       |    34 ||    34
